 Dungeon Crawl Stone Soup version 0.26.0-91-g99b343417d (webtiles) character file.

Game seed: 10880602476255229195

5780 oldmanjim the Fighter (level 10, -8/141 HPs)
             Began as a Minotaur Berserker on Feb 3, 2021.
             Was a High Priest of Trog.
             Mangled by Snorg (12 damage)
             ... on level 10 of the Dungeon.
             The game lasted 00:58:45 (10438 turns).

oldmanjim the Fighter (Minotaur Berserker)         Turns: 10438, Time: 00:58:45

Health: -8/141     AC: 14    Str: 26    XL:     10   Next: 50%
Magic:  9/9        EV:  7    Int:  4    God:    Trog [*****.]
Gold:   431        SH: 17    Dex: 15    Spells: 9/9 levels left

rFire    . . .     SeeInvis .   a - +2 whip (elec)
rCold    + . .     Faith    .   O - +0 kite shield
rNeg     . . .     Spirit   .   o - +0 plate armour
rPois    .         Reflect  +   A - +2 hat
rElec    .         Harm     .   (no cloak)
rCorr    .         Rampage  .   v - +0 pair of gloves
Will     .....                  (no boots)
Stlth    ..........             M - amulet of reflection
HPRegen  0.33/turn              n - +6 ring of dexterity
MPRegen  0.11/turn              x - ring of protection from cold

@: berserking, very quick
A: retaliatory headbutt, horns 2
a: Renounce Religion, Berserk, Trog's Hand, Brothers in Arms


You were on level 10 of the Dungeon.
You worshipped Trog.
Trog was extremely pleased with you.
You visited 1 branch of the dungeon, and saw 10 of its levels.

You collected 588 gold pieces.
You spent 157 gold pieces at shops.

Inventory:

Hand Weapons
 a - a +2 whip of electrocution (weapon)
 b - a +0 hand crossbow
Missiles
 g - 34 poisoned darts (quivered)
 h - 2 boomerangs
 z - 57 bolts
 F - 3 throwing nets
Armour
 o - a +0 plate armour (worn)
 v - a +0 pair of gloves (worn)
 A - a +2 hat (worn)
 J - a +0 chain mail
 O - a +0 kite shield (worn)
Jewellery
 f - an uncursed ring of willpower
 k - an uncursed ring of fire
 n - a +6 ring of dexterity (left hand)
 r - an uncursed ring of protection from cold
 x - a ring of protection from cold (right hand)
 L - an uncursed ring of poison resistance
 M - an amulet of reflection (around neck)
Wands
 m - a wand of iceblast (13)
 u - a wand of paralysis (8)
 w - a wand of flame (13)
 y - a wand of acid (11)
 K - a wand of digging (6)
 N - a wand of polymorph (2)
 Q - a wand of random effects (17)
Scrolls
 c - 5 scrolls of remove curse
 e - 3 scrolls of magic mapping
 i - 2 scrolls of blinking
 j - 8 scrolls of identify
 l - 6 scrolls of enchant armour
 t - a scroll of enchant weapon {unknown}
 C - 2 scrolls of immolation
 E - 6 scrolls of teleportation
 H - a scroll of fear
 I - 4 scrolls of fog
Potions
 d - a potion of berserk rage
 p - 5 potions of curing
 q - 4 potions of flight
 s - 2 potions of resistance
 B - 4 potions of haste
 D - a potion of heal wounds
 G - 2 potions of lignification
 P - a potion of ambrosia {unknown}


   Skills:
 + Level 10.9 Fighting
 + Level 8.6 Axes
 - Level 5.0 Crossbows
 - Level 1.8 Throwing
 - Level 2.4 Armour
 - Level 2.1 Dodging
 - Level 3.0 Stealth
 + Level 9.3 Shields
 - Level 5.0 Evocations


You had 9 spell levels left.
You didn't know any spells.
Your spell library contained the following spells:

 Spells                   Type           Power        Failure   Level
 Corona                   Hex            0%           100%        1
 Ensorcelled Hibernation  Hex/Ice        0%           100%        2
 Confusing Touch          Hex            0%           100%        3
 Dazzling Flash           Conj/Hex       0%           100%        3
 Tukima's Dance           Hex            0%           100%        3


Dungeon Overview and Level Annotations

Branches:
Dungeon (10/15)            Temple (0/1) D:6
   Lair: D:8-11         Orc: D:9-12

Altars:
Ashenzari
Cheibriados
Hepliaklqana
Makhleb
Sif Muna
Xom
Yredelemnul
Zin

Shops:
D:5 **??*

Annotations:
D:8 2 transporters
D:10 Snorg


Innate Abilities, Weirdness & Mutations

You reflexively headbutt those who attack you in melee.
You have a pair of horns on your head.


Message History

You block Snorg's attack. x3
You barely miss Snorg. You headbutt Snorg!
Snorg is heavily wounded.
Snorg bites you! Snorg claws you!
* * * LOW HITPOINT WARNING * * *
You block Snorg's attack.
You completely miss Snorg. Your headbutt misses Snorg.
Snorg is heavily wounded.
Snorg bites you!!
* * * LOW HITPOINT WARNING * * *
You block Snorg's attack. Snorg claws you but does no damage.
You thrash Snorg!!
Snorg is severely wounded.
You whack Snorg! Your headbutt misses Snorg.
Snorg is severely wounded.
Snorg bites you but does no damage. You block Snorg's attack. x2
You barely miss Snorg. Your headbutt misses Snorg.
Snorg is severely wounded.
Snorg bites you!
You die...

##########
.........##
######...######
#..T.#..))..######
#.##@..####......#
#######.###.##
######.# #.......#
#.# #.# #.#######
#.##########.# ##
####.#
#..........#.# .#
#....#
###.####.#.#(# .#
#.#### #.# #.#.#.#
.###.# #.# #.#.#.#
.....#
##.####.#.###


You could see Snorg (berserk).

Vanquished Creatures
  2 two-headed ogres
  A manticore (D:10)
  Psyche (D:9)
  Maggie (D:8)
  A yak (D:7)
  A basilisk (D:10)
  3 ice beasts
  A sky beast (D:5)
  2 black bears
  5 ogres
  3 centaurs
  2 big kobolds
  4 bullfrogs
  A gnoll sergeant (D:10)
  4 scorpions
  3 wights (D:8)
  3 orc priests
  5 hounds
  9 orc wizards
  A centaur skeleton (D:6)
  Jessica (D:3)
  3 iguanas
  Natasha (thrice) (D:2)
  2 worker ants
  A hound zombie (D:6)
  20 gnolls
  A howler monkey skeleton (D:5)
  9 adders
  2 shadow imps
  3 white imps
  An ufetubus (D:9)
  An ooze (D:3)
  2 worms (D:2)
  3 adder skeletons
  4 leopard geckos
  33 orcs
  7 giant cockroaches
  14 goblins
  8 hobgoblins
  6 jackals
  4 quokkas
  3 ball pythons
  12 bats
  6 frilled lizards
  2 jackal skeletons (D:4)
  17 kobolds
  A leopard gecko skeleton (D:4)
  15 rats
237 creatures vanquished.

Notes
Turn   | Place    | Note
-------+----------+-------------------------------------------
     0 | D:1      | oldmanjim the Minotaur Berserker began the quest for the
                  | Orb.
     0 | D:1      | Reached XP level 1. HP: 19/19 MP: 0/0
    47 | D:1      | HP: 1/20 [hobgoblin (3)]
   425 | D:1      | Reached XP level 2. HP: 25/27 MP: 1/1
   456 | D:1      | Reached skill level 4 in Fighting
  1408 | D:2      | Reached XP level 3. HP: 16/33 MP: 2/2
  1946 | D:2      | Reached ** piety under Trog
  2023 | D:2      | Reached skill level 5 in Axes
  2267 | D:2      | Found a burning altar of Makhleb.
  2479 | D:2      | Reached XP level 4. HP: 41/41 MP: 3/3
  2512 | D:2      | Found a shimmering altar of Xom.
  2621 | D:2      | Noticed Natasha
  2626 | D:2      | Killed Natasha
  2683 | D:2      | Noticed Natasha
  2691 | D:2      | Killed Natasha
  2797 | D:2      | Noticed Natasha
  2804 | D:2      | Killed Natasha
  2805 | D:2      | Reached skill level 1 in Throwing
  2805 | D:2      | Reached skill level 1 in Stealth
  2805 | D:2      | Reached XP level 5. HP: 38/47 MP: 4/4
  2954 | D:2      | Found a glowing silver altar of Zin.
  3278 | D:3      | Found a broken altar of Ashenzari.
  3371 | D:3      | Reached *** piety under Trog
  3416 | D:3      | Found a faded altar of an unknown god.
  3416 | D:3      | Noticed Jessica
  3420 | D:3      | Killed Jessica
  3815 | D:3      | Reached skill level 5 in Fighting
  4005 | D:3      | Reached XP level 6. HP: 55/56 MP: 5/5
  4343 | D:4      | Reached skill level 1 in Shields
  4346 | D:4      | Found a snail-covered altar of Cheibriados.
  4493 | D:4      | Found a basalt altar of Yredelemnul.
  4900 | D:5      | Entered Level 5 of the Dungeon
  4900 | D:5      | Found Teock's General Store.
  4908 | D:5      | Bought a potion of heal wounds for 55 gold pieces
  4908 | D:5      | Bought a scroll of teleportation for 33 gold pieces
  5064 | D:4      | Reached skill level 6 in Fighting
  5153 | D:5      | Reached XP level 7. HP: 64/64 MP: 6/6
  5307 | D:5      | Found Nepp's General Store.
  5506 | D:5      | Found Jilaysm's Magic Scroll Emporium.
  5514 | D:5      | Bought a scroll of fear for 45 gold pieces
  5774 | D:5      | Reached skill level 7 in Fighting
  5798 | D:5      | Found Laog Cie's General Store.
  5821 | D:5      | Found Ruguoroy's Magic Scroll Emporium.
  5825 | D:5      | Bought a scroll of fog for 24 gold pieces
  5825 | D:5      | Upgraded the game from 0.26.0-90-g5fd8617961 to
                  | 0.26.0-91-g99b343417d
  6153 | D:6      | Reached skill level 1 in Evocations
  6202 | D:6      | Reached **** piety under Trog
  6211 | D:6      | Found a staircase to the Ecumenical Temple.
  6230 | D:6      | Reached skill level 5 in Shields
  6230 | D:6      | Reached XP level 8. HP: 33/74 MP: 7/7
  6497 | D:6      | Reached skill level 8 in Fighting
  7545 | D:7      | Reached ***** piety under Trog
  7871 | D:8      | Reached XP level 9. HP: 80/82 MP: 8/8
  7873 | D:8      | Reached skill level 9 in Fighting
  7897 | D:8      | Reached skill level 1 in Crossbows
  8116 | D:8      | Found a transporter.
  8121 | D:8      | Found a transporter.
  8135 | D:8      | Noticed a two-headed ogre
  8166 | D:7      | Killed a two-headed ogre
  8167 | D:7      | Reached skill level 5 in Evocations
  8325 | D:8      | Noticed a purple ugly thing
  8326 | D:8      | Noticed a cyclops
  8328 | D:8      | Found a hazy altar of Hepliaklqana.
  8462 | D:8      | Noticed Maggie
  8483 | D:8      | Killed Maggie
  9012 | D:9      | Found a shimmering blue altar of Sif Muna.
  9086 | D:9      | Noticed Psyche
  9104 | D:9      | Killed Psyche
  9105 | D:9      | Reached skill level 10 in Fighting
  9268 | D:9      | Reached XP level 10. HP: 74/93 MP: 9/9
  9445 | D:9      | Reached skill level 5 in Crossbows
  9675 | D:10     | Entered Level 10 of the Dungeon
  9937 | D:10     | Noticed a manticore
  9949 | D:10     | Killed a manticore
 10228 | D:10     | Noticed a two-headed ogre
 10246 | D:9      | Killed a two-headed ogre
 10398 | D:10     | Noticed Snorg
 10435 | D:10     | HP: 3/141 [Snorg (23)]
 10438 | D:10     | Mangled by Snorg

Illustrated notes

Levels and vault maps discovered:
D:1:      nicolae_arrival_memento_mori, layout_loops_corners
D:2:      minmay_spotlight, layout_loops_corners, zin_scriptorium,
          bloody_makhleb, tgw_xom, uniq_natasha
D:3:      layout_loops_ring, nicolae_ashenzari_panopticon,
          chequers_ecumenical_altar_simple_redux, uniq_jessica
D:4:      layout_basic, kennysheep_little_box, overflow_temple_1_default
D:5:      layout_basic, serial_shops, shop, nicolae_shop_crystal, shop, shop,
          shop
D:6:      cheibrodos_quashed, layout_cave_pools,
          minmay_temple_entry_stoned_glass
D:7:      layout_basic, minmay_circle_x
D:8:      layout_cave_pools, gammafunk_temple_overflow_arena,
          chequers_serial_rivers_large_a, roderic_batcave, uniq_maggie
D:9:      layout_rooms, nicolae_overflow_crystal_walls, uniq_psyche
D:10:     layout_loops_ring, hiddenorc1_lemuel, uniq_snorg

Skill      XL: |  1  2  3  4  5  6  7  8  9 10 |
---------------+-------------------------------+-----
Axes           | 4 5 6 7 8 |  8.6
Fighting       | 4 5 6 7 8 10 | 10.9
Throwing       | 1 |  1.8
Stealth        | 1 3 |  3.0
Shields        | 3 5 6 8 9 |  9.3
Evocations     | 1 3 5 |  5.0
Crossbows      | 4 5 |  5.0
Armour         | |  2.4
Dodging        | |  2.1

Action                   |  1- 3 |  4- 6 |  7- 9 | 10-12 || total
-------------------------+-------+-------+-------+-------++-------
Melee: Hand axe          |    90 |    56 |       |       ||   146
       Headbutt          |    10 |    22 |    71 |    28 ||   131
       Whip              |       |    47 |   284 |   110 ||   441
 Fire: Hand crossbow     |       |       |    18 |       ||    18
Throw: Dart              |    17 |    21 |     3 |    20 ||    61
       Boomerang         |       |       |    25 |       ||    25
Invok: Berserk           |     1 |       |     2 |     2 ||     5
       Trog's Hand       |       |     4 |     1 |       ||     5
  Use: Scroll            |       |     7 |     8 |       ||    15
       Potion            |       |       |       |     2 ||     2
 Stab: Sleeping          |     1 |     5 |       |       ||     6
Armor: Animal skin       |    12 |     6 |       |       ||    18
       Scale mail        |       |     6 |    13 |       ||    19
       Chain mail        |       |       |    84 |       ||    84
       Plate armour      |       |       |    10 |    51 ||    61
Dodge: Dodged            |    57 |    47 |    96 |    18 ||   218
Block: Buckler           |       |     8 |    26 |       ||    34
       Kite shield       |       |       |   142 |    89 ||   231
       Reflection        |       |       |     6 |     1 ||     7
